 Dungeon Crawl Stone Soup version 0.27.1-33-g824d729ab1 (webtiles) character file.

Game seed: 12932332354906053284

456 lonewolfV2 the Poker (level 6, -10/56 HPs)
             Began as a Minotaur Berserker on Dec 9, 2021.
             Was a Believer of Trog.
             Mangled by an ogre (18 damage)
             ... on level 5 of the Dungeon.
             The game lasted 00:07:19 (3950 turns).

lonewolfV2 the Poker (Minotaur Berserker)           Turns: 3950, Time: 00:07:20

Health: -10/56     AC:  2    Str: 22    XL:     6   Next: 77%
Magic:  5/5        EV: 13    Int:  4    God:    Trog [**....]
Gold:   159        SH:  0    Dex: 11    Spells: 5/5 levels left

rFire    . . .     SeeInvis .   g - +3 club
rCold    . . .     Faith    .   (no shield)
rNeg     . . .     Spirit   .   b - +0 animal skin
rPois    .         Reflect  .   (helmet restricted)
rElec    .         Harm     .   (no cloak)
rCorr    +         Rampage  .   (no gloves)
Will     +....                  (no boots)
Stlth    ++........             (no amulet)
HPRegen  0.18/turn              l - ring of willpower
MPRegen  0.09/turn              n - ring of resist corrosion

@: no status effects
A: horns 2, retaliatory headbutt
a: Renounce Religion, Berserk, Trog's Hand


You were on level 5 of the Dungeon.
You worshipped Trog.
Trog was pleased with you.
You visited 1 branch of the dungeon, and saw 5 of its levels.

You collected 183 gold pieces.
You spent 24 gold pieces at shops.

Inventory:

Hand Weapons
 a - a +0 spear
 g - a +3 club (weapon)
Armour
 b - a +0 animal skin (worn)
Jewellery
 l - a ring of willpower (left hand)
 n - a ring of resist corrosion (right hand)
 p - a ring of magical power
Scrolls
 c - a scroll of amnesia
 d - 2 scrolls of identify
 f - 3 scrolls of vulnerability
 k - a scroll of magic mapping
 m - a scroll of enchant weapon
Potions
 e - 4 potions of lignification
 h - a potion of brilliance
 i - 2 potions of might
 j - 2 potions of curing
 o - 2 potions of cancellation {unknown}


   Skills:
 + Level 5.6 Fighting
 + Level 2.0 Maces & Flails
 + Level 5.9 Polearms
 + Level 3.0 Armour
 + Level 3.8 Dodging
 + Level 2.0 Stealth


You had 5 spell levels left.
You didn't know any spells.
Your spell library contained the following spells:

 Spells                   Type           Power      Damage    Failure   Level
 Corona                   Hex            0%         N/A       50%         1
 Ensorcelled Hibernation  Hex/Ice        0%         N/A       65%         2
 Sublimation of Blood     Necr           0%         N/A       65%         2
 Wereblood                Tmut           0%         N/A       65%         2
 Gell's Gravitas          Tloc           0%         N/A       86%         3
 Teleport Other           Tloc           0%         N/A       86%         3
 Tukima's Dance           Hex            0%         N/A       86%         3
 Dispersal                Tloc           0%         N/A       100%        6
 Summon Hydra             Summ           0%         N/A       100%        7


Dungeon Overview and Level Annotations

Branches:
Dungeon (5/15)             Temple (0/1) D:5

Altars:

Shops:
D:1 ?   D:5 [


Innate Abilities, Weirdness & Mutations

You have a pair of horns on your head.
You reflexively headbutt those who attack you in melee.


Message History

You enter the shallow water.
Moving in this stuff is going to be slow.
You enter the shallow water.
Moving in this stuff is going to be slow.
Found 3 gold pieces.
Found a stone staircase leading down.
Found a club.
You now have 159 gold pieces (gained 3).
Found 13 arrows.
Found a ring of magical power.
Found a war axe.
p - a ring of magical power You open the door.
An ogre comes into view. It is wielding a +0 giant spiked club.
An ogre is nearby!
An ogre is nearby!
The ogre shouts!
There is an open door here.
There is an open door here.
The ogre closely misses you. You furiously retaliate!
You headbutt the ogre, but do no damage.
You hit the ogre. Your headbutt misses the ogre.
The ogre is lightly wounded.
The ogre hits you with a +0 giant spiked club!!
You hit the ogre. You headbutt the ogre.
The ogre is moderately wounded.
The ogre hits you with a +0 giant spiked club!
You barely miss the ogre. You headbutt the ogre.
The ogre is moderately wounded.
The ogre hits you with a +0 giant spiked club!!
* * * LOW HITPOINT WARNING * * *
You hit the ogre. Your headbutt misses the ogre.
The ogre is severely wounded.
The ogre misses you.
You hit the ogre.
The ogre is severely wounded.
The ogre closely misses you.
You feel better.
The ogre hits you with a +0 giant spiked club!!
You die...

....... ..#... ..#..# .......
..(.... ############
.......... ....#≈≈≈≈≈ ≈#
.........## #..#≈..♣..≈#
............ #..#≈.≈.≈.≈#
.........##..##.@O.♣
.........# #.....#≈.≈.≈.≈#
>........######..#≈..♣..≈#
.........#.......#≈≈≈≈≈ ≈#
.........#....#..#########
..#.#.........#.....##.#.####
#.#...........######...)....#
#....###..#...# ###........#
.....# ##.##### #..........#


You could see an ogre.

Vanquished Creatures
  2 phantoms
  A howler monkey (D:4)
  A hound (D:4)
  A jelly (D:4)
  A bullfrog skeleton (D:5)
  A centaur skeleton (D:5)
  Jessica (D:2)
  A howler monkey skeleton (D:4)
  7 adders
  A shadow imp (D:5)
  An ufetubus (D:4)
  An adder skeleton (D:4)
  A dart slug (D:1)
  2 orcs (D:3)
  5 bats
  3 endoplasms
  6 goblins
  2 hobgoblins
  A jackal (D:1)
  4 kobolds
  2 quokkas (D:1)
  2 ball pythons (D:3)
  A frilled lizard (D:1)
  4 rats
52 creatures vanquished.

Vanquished Creatures (others)
  8 plants
8 creatures vanquished.

Grand Total: 60 creatures vanquished

Notes
Turn   | Place    | Note
-------+----------+-------------------------------------------
     0 | D:1      | lonewolfV2 the Minotaur Berserker began the quest for the
                  | Orb.
     0 | D:1      | Reached XP level 1. HP: 19/19 MP: 0/0
   310 | D:1      | Reached XP level 2. HP: 22/27 MP: 1/1
   366 | D:1      | Found a faded altar of an unknown god.
   919 | D:1      | Found Fuuzi's Magic Scroll Shop.
   927 | D:1      | Bought a scroll of identify for 24 gold pieces
   970 | D:2      | Noticed Jessica
   976 | D:2      | Killed Jessica
   977 | D:2      | Reached XP level 3. HP: 33/33 MP: 2/2
   998 | D:2      | You fall into a shaft and drop 1 floor!
  1225 | D:3      | Reached XP level 4. HP: 35/41 MP: 3/3
  1771 | D:4      | Noticed a phantom
  1784 | D:4      | Killed a phantom
  1784 | D:4      | Reached ** piety under Trog
  1785 | D:4      | Reached skill level 5 in Polearms
  1785 | D:4      | Reached XP level 5. HP: 5/47 MP: 4/4
  2451 | D:4      | Reached skill level 5 in Fighting
  2944 | D:4      | Reached skill level 1 in Stealth
  2944 | D:4      | Reached XP level 6. HP: 46/56 MP: 5/5
  3122 | D:4      | Reached skill level 1 in Maces & Flails
  3412 | D:5      | Entered Level 5 of the Dungeon
  3714 | D:5      | Found a staircase to the Ecumenical Temple.
  3752 | D:5      | Found Liuviteg's Armour Shop.
  3947 | D:5      | HP: 2/56 [ogre (25)]
  3950 | D:5      | Mangled by an ogre

Illustrated notes

Levels and vault maps discovered:
D:1:      giann_forest_graveyard, layout_basic, serial_shops,
          nicolae_shop_statue_plus, hellmonk_ecumenical_altar_inner_sanctum,
          minmay_vboxes
D:2:      layout_basic, basic_altar, kennysheep_boxes, uniq_jessica
D:3:      layout_rooms
D:4:      layout_loops_ring
D:5:      layout_rooms, minmay_temple_entry_nine_rooms, serial_bayou_lagoon_a,
          nicolae_inconvenience_store, minmay_crystal_water,
          chequers_serial_rivers_micro_a, kennysheep_generic_room_10

Skill      XL: |  1  2  3  4  5  6 |
---------------+-------------------+-----
Polearms       | 4 5 |  5.9
Fighting       | 4 5 |  5.6
Armour         | 3 |  3.0
Dodging        | 3 |  3.8
Stealth        | 1 2 |  2.0
Maces & Flails | 2 |  2.0

Action                   |  1- 3 |  4- 6 || total
-------------------------+-------+-------++-------
Melee: Spear             |    47 |       ||    47
       Headbutt          |     4 |    10 ||    14
       Club              |    13 |    74 ||    87
  Use: Scroll            |     3 |     6 ||     9
       Potion            |       |     1 ||     1
 Stab: Sleeping          |       |     2 ||     2
Armor: Animal skin       |     9 |    16 ||    25
Dodge: Dodged            |    30 |    68 ||    98
